Map: Поля смерти CE

Players

PiOW

  • Race: Zerg Zerg
  • League: Silver

KILLRACES

  • Race: Zerg Zerg
  • League: Master

Nitrate

  • Race: Protoss Protoss
  • League: Gold

Вагнер

  • Race: Protoss Protoss

VOD

Have the link to the VOD?

Description

Time

  • Played on: Feb. 26, 2026, 12:57 p.m.
  • Length: 6:17
Show
View Real Time Build Order
Export as new Build Order

PiOW Zerg 

Build Orders: Hatch First 

Get SALT Encoding   

  12  0:00  Drone  
  13  0:10  Drone  
  14  0:26  Overlord  
  14  0:44  Hatchery, Drone  
  14  0:47  Drone  
  15  0:51  Drone  
  16  0:58  Drone  
  17  1:06  Drone  
  18  1:14  Spawning Pool  
  17  1:20  Extractor  
  17  1:22  Drone  
  17  1:28  Drone  
  18  1:38  Drone  
  19  1:49  Drone  
  20  2:01  Overlord  
  20  2:03  Drone  
  20  2:04  Queen x2  
  20  2:07  Drone  
  26  2:19  Drone x2  
  26  2:21  Drone  
  29  2:28  Drone  
  30  2:33  Extractor  
  30  2:35  Drone  
  30  2:37  Roach Warren  
  30  2:39  Drone  
  30  2:43  Drone  
  31  2:49  Drone  
  31  2:50  Queen  
  34  2:53  Drone  
  35  3:00  Drone  
  36  3:09  Overlord  
  36  3:27  Queen, Overlord  
  36  3:30  Roach  
  36  3:33  Hatchery  
  39  3:39  Roach  
  39  3:40  Roach  
  39  3:41  Overlord  
  43  3:47  Drone  
  43  3:48  Drone x2  
  46  3:56  Lair  
  46  4:09  Roach x4  
  54  4:10  Drone  
  54  4:13  Drone  
  56  4:18  Drone x2  
  58  4:24  Overlord  
  58  4:25  Overlord  
  58  4:41  Roach  
  58  4:42  Overlord  
  58  4:44  Roach x4  
  68  4:48  Drone x2  
  68  4:50  Drone  
  68  4:51  Drone  
  72  5:00  Drone  
  72  5:01  Drone x4  
  77  5:09  Overlord  
  77  5:10  Roach x2  
  81  5:23  Overlord x4  
  81  5:32  Roach x4  
  89  5:37  Drone  
  89  5:38  Overlord  
  89  5:39  Overlord  
  90  5:44  Ravager x5  
  90  5:45  Ravager  
  90  5:47  Ravager  
  97  5:50  Drone  
  97  5:51  Drone x4  
Show
View Real Time Build Order
Export as new Build Order

KILLRACES Zerg 

Build Orders: Hatch First 

Get SALT Encoding   

  12  0:31  Extractor  
  12  0:34  Hatchery  
  10  0:49  Spawning Pool  
  9  0:58  Drone  
  9  1:00  Drone  
  11  1:07  Drone  
  12  1:17  Drone  
  13  1:23  Drone  
  14  1:36  Metabolic Boost  
  14  1:44  Overlord  
  14  1:49  Zergling x2  
  15  1:54  Zergling x2  
  15  1:59  Zergling x2  
  17  2:03  Zergling x2  
  17  2:08  Zergling x2  
  19  2:13  Zergling x2  
  20  2:16  Zergling x2  
  20  2:21  Zergling x2  
  22  2:26  Zergling x2  
  23  2:32  Zergling x2  
  23  2:35  Zergling x2  
  25  2:40  Zergling x2  
  26  2:46  Zergling x2  
  28  2:51  Zergling x2  
  28  3:03  Lair  
  28  3:24  Overlord  
  28  3:37  Queen  
  16  3:58  Zergling x2  
  16  3:59  Zergling x10  
  22  4:08  Hydralisk Den  
  21  4:24  Drone  
  21  4:25  Drone x2  
  21  4:26  Drone  
  25  4:32  Drone  
  25  4:36  Drone  
  27  4:44  Drone  
  29  4:45  Drone  
  29  4:51  Grooved Spines  
  29  5:07  Zergling x2  
  29  5:08  Zergling x4  
  32  5:20  Zergling x2  
  32  5:21  Zergling x6  
  36  5:46  Evolution Chamber  
  36  5:48  Evolution Chamber  
  34  5:53  Drone x2  
  34  5:55  Overlord  
Show
View Real Time Build Order
Export as new Build Order

Nitrate Protoss 

Build Orders: 1 Gate Expand 

Get SALT Encoding   

  12  0:00  Probe  
  13  0:12  Probe  
  14  0:17  Pylon  
  14  0:24  Probe  
  15  0:32  Probe  
  15  0:40  Probe, Gateway  
  17  0:51  Probe  
  17  0:52  Assimilator  
  18  1:08  Probe  
  19  1:21  Probe  
  20  1:39  Nexus  
  20  1:44  Cybernetics Core  
  20  1:45  Assimilator  
  20  1:51  Pylon  
  20  1:54  Probe  
  21  2:07  Warp Gate  
  21  2:14  Probe  
  22  2:24  Stalker  
  22  2:26  Probe  
  24  2:39  Gateway  
  24  2:44  Pylon, Probe  
  25  2:51  Probe  
  25  2:56  Probe  
  27  3:00  Stalker  
  27  3:02  Gateway  
  29  3:07  Probe  
  31  3:12  Probe  
  31  3:20  Probe  
  31  3:24  Stalker  
  32  3:29  Stalker  
  32  3:31  Probe  
  35  4:04  Stalker x2, Probe  
  35  4:05  Probe  
  41  4:12  Probe  
  41  4:13  Twilight Council, Probe  
  41  4:15  Assimilator  
  42  4:21  Forge  
  42  4:22  Probe  
  44  4:32  Pylon  
  44  4:43  Probe x2  
  46  5:01  Gateway  
  46  5:03  Gateway, Probe  
  47  5:19  Pylon  
  47  5:26  Robotics Facility, Probe x2  
  49  5:32  Pylon  
  49  5:33  Assimilator  
  49  5:37  Zealot  
  49  5:38  Zealot x2, Probe  
  49  5:39  Probe  
  57  6:09  Zealot x5  
Show
View Real Time Build Order
Export as new Build Order

Вагнер Protoss 

Build Orders:  

Get SALT Encoding   

  1  0:00  Probe  
  12  0:05  Probe  
  14  0:14  Probe  
  15  0:23  Pylon  
  15  0:29  Assimilator  
  15  0:43  Gateway  
  15  0:51  Gateway  
  15  0:55  Probe  
  16  1:03  Probe  
  17  1:11  Probe  
  17  1:12  Pylon  
  18  1:22  Probe  
  19  1:33  Cybernetics Core  
  19  1:39  Assimilator  
  19  1:40  Probe  
  19  1:42  Zealot  
  22  1:50  Zealot  
  24  1:54  Probe  
  25  2:05  Zealot  
  25  2:13  Twilight Council  
  27  2:16  Probe  
  27  2:22  Zealot  
  30  2:29  Pylon  
  30  2:40  Charge  
  30  2:45  Forge, Probe  
  31  2:57  Zealot  
  33  3:03  Zealot  
  35  3:30  Nexus  
  35  3:37  Zealot  
  37  3:42  Zealot  
  29  4:02  Zealot  
  31  4:13  Zealot  
  33  4:23  Zealot  
  33  4:27  Pylon  
  35  4:35  Robotics Facility  
  35  4:40  Zealot  
  37  4:51  Zealot  
  40  5:00  Probe  
  40  5:01  Probe  
  40  5:06  Assimilator  
  41  5:07  Zealot  
  41  5:12  Probe  
  41  5:13  Probe  
  45  5:22  Zealot  
  47  5:31  Robotics Bay  
  47  5:34  Zealot  
  49  5:40  Gateway  
  49  5:45  Photon Cannon  
Tags
 
Add a new tag
Caveats
  • Supply blocks, unpowered buildings, or Contaminate may cause inaccurate times.
  • Supply counts are checked every 10 seconds.